 Dungeon Crawl Stone Soup version 0.30-a0-937-ga0a21ad780 (webtiles) character file.

Game seed: 8558041223378659825

1675 porpoise the Chopper (level 8, -2/67 HPs)
             Began as a Demonspawn Wanderer on Mar 24, 2023.
             Was a Priest of Ru.
             Slain by a steam dragon (8 damage)
             ... on level 7 of the Dungeon on Mar 25, 2023.
             The game lasted 00:23:42 (5560 turns).

porpoise the Chopper (Demonspawn Wanderer)          Turns: 5560, Time: 00:23:43

Health: -2/67      AC: 10    Str: 17    XL:     8   Next: 70%
Magic:  8/8        EV: 10    Int: 11    God:    Ru [***...]
Gold:   154        SH:  7    Dex: 13    Spells: 7/7 levels left

rFire   . . .      SeeInvis .    a - +0 war axe
rCold   + . .      Faith    .    C - +0 buckler
rNeg    . . .      Spirit   .    w - +0 ring mail
rPois   +          Reflect  .    (no helmet)
rElec   +          Rampage  .    H - +2 cloak {rPois}
rCorr   +                        (no gloves)
Will    .....                    F - +0 pair of boots
Stlth   +                        D - amulet of regeneration
HPRegen 1.11/turn                i - ring of flight
MPRegen 0.11/turn                r - ring of protection from cold

@: resistant, flying
A: large bone plates 1, powered by pain 1, no air magic, no summoning magic, no
transmutations magic, temperature sensitive, weakness stinger 1
a: Renounce Religion, Draw Out Power


You were on level 7 of the Dungeon.
You worshipped Ru.
Ru was most pleased with you.
You visited 1 branch of the dungeon, and saw 7 of its levels.

You collected 376 gold pieces.
You spent 222 gold pieces at shops.

Inventory:

Hand Weapons
 a - a +0 war axe (weapon)
 b - the +6 whip "Dudoungiwu" {heavy, Int+2}
   (You found it on level 5 of the Dungeon)

   Int:       It affects your intelligence (+2).
 y - a +1 hand axe of venom
Missiles
 f - 2 poisoned darts (quivered)
 B - a boomerang
Armour
 j - a +2 robe of the Archmagi
 w - a +0 ring mail (worn)
 C - a +0 buckler (worn)
 F - a +0 pair of boots (worn)
 H - a +2 cloak of poison resistance (worn)
Magical Staves
 I - a staff of air
Jewellery
 i - a ring of flight (left hand)
 r - a ring of protection from cold (right hand)
 s - a +6 ring of intelligence
 D - an amulet of regeneration (around neck)
Wands
 d - a wand of polymorph (7)
 A - a wand of flame (14)
 J - a wand of digging (3)
Scrolls
 c - 3 scrolls of fear
 g - a scroll of noise
 h - 2 scrolls of teleportation {unknown}
 n - a scroll of brand weapon {unknown}
 o - a scroll of amnesia
 q - a scroll of summoning {unknown}
 v - a scroll of vulnerability {unknown}
 G - a scroll of immolation {unknown}
Potions
 e - 5 potions of curing
 k - a potion of lignification
 m - 2 potions of resistance
 p - 2 potions of flight
 t - 2 potions of attraction
 x - a potion of magic
 z - 4 potions of mutation
 E - a potion of might {unknown}


   Skills:
 - Level 7.0 Fighting
 - Level 2.6 Short Blades
 + Level 7.1 Axes
 + Level 3.5 Armour
 - Level 1.0 Dodging
 - Level 1.7 Unarmed Combat
 - Level 2.0 Evocations


You had 7 spell levels left.
You didn't know any spells.
Your spell library contained the following spells:

 Spells                   Type           Power      Damage    Failure   Level
 Magic Dart               Conj           0%         1d3       65%         1
 Blink                    Tloc           0%         N/A       78%         2
 Lesser Beckoning         Tloc           0%         N/A       78%         2
 Momentum Strike          Conj/Tloc      0%         3d8       78%         2
 Olgreb's Toxic Radiance  Pois           0%         N/A       100%        4
 Beastly Appendage        Tmut           Unusable   N/A       N/A         1
 Sting                    Tmut/Pois      Unusable   1d3       N/A         1
 Call Imp                 Summ           Unusable   N/A       N/A         2
 Poisonous Vapours        Pois/Air       Unusable   N/A       N/A         2
 Wereblood                Tmut           Unusable   N/A       N/A         2
 Mephitic Cloud           Conj/Pois/Air  Unusable   N/A       N/A         3
 Spider Form              Tmut/Pois      Unusable   N/A       N/A         3

Dungeon Overview and Level Annotations

Branches:
Dungeon (7/15)             Temple (0/1) D:6

Altars:
Ashenzari
Cheibriados
Qazlal
Ru

Shops:
D:4 *=[   D:5 [

Annotations:
D:7 2 transporters, baller8008's ghost, novice DECj


Innate Abilities, Weirdness & Mutations

You are partially covered in large bone plates. (SH +4)
You sometimes gain a little power by taking damage.
You cannot study or cast Air magic.
You cannot study or cast Summoning magic.
You cannot study or cast Transmutations magic.
You are sensitive to extremes of temperature. (rF-, rC-)
You have a small tail.


Message History

You feel much better.
You are engulfed in a cloud of scalding steam.
The steam dragon misses you. The steam dragon barely misses you.
Something hits you but does no damage.
You feel protected.
You are engulfed in a cloud of scalding steam.
The steam dragon barely misses you.
The steam dragon claws you but does no damage.
Something hits you but does no damage.
Unknown command.
Unknown command.
You slash the steam dragon!
The steam dragon is severely wounded.
You hit something but do no damage. You block the steam dragon's attack.
The steam dragon claws you but does no damage.
Reactivating autopickup.
You feel a bit more experienced.
You barely miss the steam dragon.
The steam dragon is severely wounded.
The steam dragon bites you. You block the steam dragon's attack.
Baller8008's ghost's fingertips begin to glow.
You slash the steam dragon!
The steam dragon is almost dead.
You redirect the steam dragon's attack!
The steam dragon breathes steam at the white imp.
The ball of steam hits you!
* * * LOW HITPOINT WARNING * * *
The white imp spits at you.
You barely miss the steam dragon.
You tail-slap the steam dragon, but do no damage.
The steam dragon is almost dead.
You are engulfed in a cloud of scalding steam.
* * * LOW HITPOINT WARNING * * *
The steam dragon barely misses you.
The steam dragon claws you but does no damage.
The white imp shouts, "Back with thee, thou fawning doghearted socdollager!"
You barely miss the steam dragon.
The steam dragon is almost dead.
The steam dragon bites you!
You die...

######.##....##
####.<....#......#
..##.............##
#.##......!.©....#.
#.##......#####..#.
#.##.....##.Y.##...
#.......##.###.##..
.##.##D§##..##..~.~$~##.
#......§@#..##8.~.~.~~8##
#......#.§.##B.#.###.#..#
#.##.#.#..##HB..##.##....
#.#.#..#K#hW.#...##..#
#......#5#K.#.. BH#..#
###.#..#5#c.##...##$~#
#.#..##....##)##.~.. .
##..##~.#..##$#K~# #
##..##85c5[...8##


You could see a boulder beetle, a manticore, a steam dragon (corona), a black
bear, 2 kobold brigands, a centaur, baller8008's ghost and 2 white imps.

Vanquished Creatures
  Sigmund (D:6)
  4 black bears
  2 orc warriors
  An ogre (D:6)
  A centaur (D:6)
  3 phantoms
  A bullfrog (D:6)
  3 scorpions
  A hound (D:6)
  2 jellies
  An iguana (D:6)
  An orc wizard (D:6)
  3 gnolls (D:6)
  4 adders
  2 white imps (D:5)
  3 worms
  A dart slug (D:1)
  13 orcs
  2 bats
  7 endoplasms
  2 giant cockroaches (D:1)
  5 goblins
  3 hobgoblins (D:2)
  6 quokkas
  4 ball pythons
  2 frilled lizards
  10 kobolds
  4 rats
92 creatures vanquished.

Vanquished Creatures (others)
  A sky beast (D:7)
  An iguana (D:5)
2 creatures vanquished.

Grand Total: 94 creatures vanquished

Notes
Turn   | Place    | Note
-------+----------+-------------------------------------------
     0 | D:1      | porpoise the Demonspawn Wanderer began the quest for the
                  | Orb.
     0 | D:1      | porpoise set off with the following items: a +0 short
                  | sword, a potion of berserk rage, a scroll of fear, a wand
                  | of polymorph (7), a potion of curing, a +0 leather armour.
     0 | D:1      | Reached XP level 1. HP: 16/16 MP: 1/1
     6 | D:1      | Noticed a black bear
     6 | D:1      | Noticed a black mamba
     6 | D:1      | Noticed a snapping turtle
     6 | D:1      | Noticed a wolf
   212 | D:1      | Gained mutation: You sometimes gain a little power by
                  | taking damage. [demonic ancestry]
   212 | D:1      | Reached XP level 2. HP: 23/23 MP: 2/2
   392 | D:1      | Found a faded altar of an unknown god.
   430 | D:1      | Prayed at the altar of an unknown god.
   430 | D:1      | Became a worshipper of Ru the Awakened
   442 | D:1      | Gained mutation: You are sensitive to extremes of
                  | temperature. (rF-, rC-) [Ru sacrifice]
   442 | D:1      | Reached * piety under Ru
   442 | D:1      | Reached ** piety under Ru
   726 | D:2      | Reached skill level 1 in Axes
   802 | D:2      | Reached XP level 3. HP: 26/29 MP: 3/3
  1944 | D:3      | Found a faded altar of an unknown god.
  2111 | D:3      | Found a stormy altar of Qazlal.
  2275 | D:4      | Found Riaphuj's General Store.
  2324 | D:4      | Found a snail-covered altar of Cheibriados.
  2328 | D:4      | Found Losekkam's Jewellery Emporium.
  2471 | D:4      | Gained mutation: You have a small tail. [demonic ancestry]
  2471 | D:4      | Reached XP level 4. HP: 35/35 MP: 4/4
  2698 | D:4      | Noticed a scorpion
  2709 | D:4      | Killed a scorpion
  2767 | D:4      | Noticed an orc warrior
  2774 | D:4      | Killed an orc warrior
  2775 | D:4      | Gained mutation: You are partially covered in large bone
                  | plates. (SH +4) [demonic ancestry]
  2775 | D:4      | Reached XP level 5. HP: 23/43 MP: 5/5
  2837 | D:4      | Noticed a phantom
  2858 | D:4      | Killed a phantom
  2859 | D:4      | Reached XP level 6. HP: 27/50 MP: 6/6
  2864 | D:4      | Gained mutation: You cannot study or cast Air magic. [Ru
                  | sacrifice]
  2864 | D:4      | Gained mutation: You cannot study or cast Transmutations
                  | magic. [Ru sacrifice]
  2864 | D:4      | Gained mutation: You cannot study or cast Summoning magic.
                  | [Ru sacrifice]
  2864 | D:4      | Reached *** piety under Ru
  2962 | D:4      | Reached skill level 5 in Fighting
  3423 | D:4      | Found Urghuxzeh's Armour Shop.
  3703 | D:5      | Entered Level 5 of the Dungeon
  3806 | D:5      | Reached XP level 7. HP: 33/57 MP: 7/7
  4308 | D:5      | Identified the +6 whip "Dudoungiwu" {heavy, Int+2}
  4314 | D:5      | Found Biang's Armour Shop.
  4339 | D:5      | Reached skill level 5 in Axes
  4675 | D:6      | Found a broken altar of Ashenzari.
  4763 | D:4      | Bought a +2 cloak of poison resistance for 222 gold pieces
  4971 | D:6      | Reached XP level 8. HP: 67/67 MP: 8/8
  5006 | D:6      | Found a staircase to the Ecumenical Temple.
  5071 | D:6      | Reached skill level 1 in Armour
  5121 | D:6      | Noticed Sigmund
  5131 | D:6      | Killed Sigmund
  5441 | D:6      | Identified the +0 robe of Dawn {rC+ Str+5 Int+3}
  5481 | D:7      | Found a transporter.
  5485 | D:7      | Noticed a manticore
  5491 | D:7      | Noticed a boulder beetle
  5491 | D:7      | Noticed a boulder beetle
  5496 | D:7      | Found a transporter.
  5498 | D:7      | Noticed baller8008's ghost (novice DECj)
  5559 | D:7      | HP: 3/67 [steam dragon] (12)]
  5560 | D:7      | Slain by a steam dragon

Illustrated notes

Levels and vault maps discovered:
D:1:      onia_arrival_zoo_common, layout_rooms,
          dreamdust_ecumenical_altar_grove
D:2:      layout_basic, minmay_pentomino_o4
D:3:      layout_rooms, nicolae_overflow_ecumenical_swirl,
          nicolae_tso_carved_into_rock, minmay_misc_feat_hallway
D:4:      layout_basic, cheibriados_altar_1, serial_shops,
          nicolae_lakefront_shop, shop, nicolae_diamond_shop,
          chequers_mini_garden
D:5:      layout_loops_ring, serial_shops, kennysheep_mini_moat
D:6:      layout_basic, ashenzari_altar_1, minmay_temple_entry_drinking_statues,
          uniq_sigmund
D:7:      layout_loops_cross, mainiacjoe_overflow_surrounded_room,
          mainiacjoe_overflow_24_doors, marbit_many_paths, nzn_ghost_randoct

Skill      XL: |  1  2  3  4  5  6  7  8 |
---------------+-------------------------+-----
Fighting       | 3 4 5 7 |  7.0
Axes           | 1 3 4 5 7 |  7.1
Armour         | 3 |  3.5
Short Blades   | |  2.6
Dodging        | |  1.0
Unarmed Combat | |  1.7
Evocations     | |  2.0

Action                     |  1- 3 |  4- 6 |  7- 9 || total
---------------------------+-------+-------+-------++-------
  Melee: Short sword       |    27 |       |       ||    27
         War axe           |   129 |    72 |   156 ||   357
         Punch             |     1 |     3 |     5 ||     9
         Tailslap          |       |    14 |    20 ||    34
  Throw: Dart              |       |     3 |     2 ||     5
 Invoke: Sacrifice Resista |     1 |       |       ||     1
         Sacrifice Arcana  |       |     1 |       ||     1
    Use: Scroll            |     2 |     3 |     5 ||    10
         Potion            |       |     1 |     4 ||     5
 Armour: Leather armour    |    38 |       |       ||    38
         Ring mail         |       |    21 |    77 ||    98
  Dodge: Dodged            |   116 |    30 |    80 ||   226
  Block: Other             |       |    15 |    24 ||    39
         Buckler           |       |       |     8 ||     8

Table legend: (Time is in decaauts)
 A = Elapsed time spent in this place.
 B = Non-inter-level travel time spent in this place.
 C = Inter-level travel time spent in this place.
 D = Time resting spent in this place.
 E = Time spent auto-exploring this place.
 F = Levels seen in this place.
 G = Mean time per level.
                   A        B        C        D        E       F      G
               +--------+--------+--------+--------+--------+-----+--------+
         Total |   5676 |   5417 |    259 |   1396 |   2801 |   7 |  810.9 |
       Dungeon |   5676 |   5417 |    259 |   1396 |   2801 |   7 |  810.9 |
               +--------+--------+--------+--------+--------+-----+--------+

Top non-repeatable levels by time:
     D:4: 1530 daAuts
     D:5: 1072 daAuts
     D:2: 844 daAuts
     D:1: 731 daAuts
     D:3: 730 daAuts
     D:6: 679 daAuts
     D:7: 87 daAuts
